Cogmind - Beta 15 @@@ ROGUE MODE // 2025.06.30 @ 12:58:03 Player: winnking222 Result: Destroyed by G-50 Soldier with Heavy Laser Performance ------------- Evolutions (4) 2000 Regions Visited (12) 2400 Robots Destroyed (126) 630 Value Destroyed (3977) 3977 Prototype IDs (12) 240 Alien Tech Used (0) 0 Bonus (1736) 1736 TOTAL SCORE: 10983 Bonus ------- High Alert Combat Kills 200 Follower Combat Kills 636 Entered Garrisons 400 Entered DSFs 500 Cogmind --------- Core Integrity 0/850 Matter 300/300 Energy 100/100 System Corruption 14% Temperature Cool (9) Movement Core (50) Location -6/Garrison Parts ------- > --- POWER (1) -------- (None) > --- PROPULSION (4) --- (None) > --- UTILITY (7) ------ Enhanced Optical Array Advanced Signal Interpreter Advanced Terrain Scan Processor Advanced Targeting Computer > --- WEAPON (3) ------- (None) > --- INVENTORY (5) ---- Backup Power III Improved Deuterium Engine High-capacity Matter Pod (200) Plasma Cutter Katana Peak State ------------ > --- POWER ------------ Improved Deuterium Engine > --- PROPULSION ------- Backup Propulsion III Backup Propulsion III Combat Airjet Combat Airjet > --- UTILITY ---------- Enhanced Optical Array Advanced Sensor Array Advanced Signal Interpreter Advanced Terrain Scan Processor Seismic Detector Improved Targeting Computer Advanced Targeting Computer > --- WEAPON ----------- Backup Laser III Backup Laser III > --- INVENTORY -------- Backup Power III Improved Deuterium Engine High-capacity Matter Pod Plasma Cutter Katana [Rating: 52] Favorites ----------- Power Cooled Ion Engine Engine Cooled Ion Engine Power Core Nuclear Core Propulsion Light Treads Treads Light Treads Leg Carbon-fiber Leg Wheel Armored Wheel Hover Unit Backup Propulsion III Flight Unit Improved Flight Unit Utility Improved Heat Sink Device Improved Heat Sink Storage Large Storage Unit Processor Advanced Targeting Computer Protection Improved Light Armor Plating Weapon Field Laser Energy Gun Field Laser Ballistic Gun Light Assault Rifle Ballistic Cannon Gauss Cannon Launcher Shock Bomb Launcher Special Weapon Plasma Cutter Slashing Weapon Katana Build | -11 -10 -9 -9 -8 -8 -8 -7 -7 -6 -6 -6 -6 ------- Run | Yrd Mat Mat Min Mat Gar Mat Fac DSF Fac Was Fac Gar Slots Evolved 8 | . . 2 . 2 . . 2 . 2 . . . Power . | . . . . . . . . . . . . . Propulsion 2 | . . . . 1 . . 1 . . . . . Utility 5 | . . 1 . 1 . . 1 . 2 . . . Weapon 1 | . . 1 . . . . . . . . . . Parts Attached 92 | 7 6 28 . 2 9 14 7 7 7 . 4 1 Power 9 | 1 1 3 . . . 1 1 1 1 . . . Engine 8 | 1 1 3 . . . 1 . 1 1 . . . Core 1 | . . . . . . . 1 . . . . . Reactor . | . . . . . . . . . . . . . Propulsion 22 | 2 . 9 . 1 2 5 1 . . . 2 . Treads 10 | 2 . 6 . . 2 . . . . . . . Leg 8 | . . 2 . . . 5 1 . . . . . Wheel 1 | . . . . 1 . . . . . . . . Hover 2 | . . . . . . . . . . . 2 . Flight 1 | . . 1 . . . . . . . . . . Utility 32 | 2 2 7 . 1 4 2 2 4 6 . 1 1 Device 17 | 1 2 2 . 1 3 1 1 3 2 . . 1 Storage 2 | 1 . 1 . . . . . . . . . . Processor 8 | . . 1 . . . . 1 1 4 . 1 . Hackware . | . . . . . . . . . . . . . Protection 5 | . . 3 . . 1 1 . . . . . . Artifact . | . . . . . . . . . . . . . Weapon 29 | 2 3 9 . . 3 6 3 2 . . 1 . Energy Gun 19 | . 3 8 . . . 5 2 1 . . . . Energy Cannon . | . . . . . . . . . . . . . Ballistic Gun 6 | 2 . 1 . . 1 . 1 . . . 1 . Ballistic Cannon 1 | . . . . . . 1 . . . . . . Launcher 1 | . . . . . . . . 1 . . . . Special Weapon 1 | . . . . . 1 . . . . . . . Impact Weapon . | . . . . . . . . . . . . . Slashing Weapon 1 | . . . . . 1 . . . . . . . Piercing Weapon . | . . . . . . . . . . . . . Special Melee Weapon . | . . . . . . . . . . . . . Unidentified Prototypes 6 | . . 4 . . . . 2 . . . . . Parts Lost 48 | . 2 3 . . 6 6 . 16 1 . 3 11 Power 3 | . 1 . . . . . . 1 . . . 1 Propulsion 12 | . . . . . 1 3 . 5 . . 1 2 Utility 20 | . 1 3 . . 3 1 . 6 1 . 2 3 Weapon 13 | . . . . . 2 2 . 4 . . . 5 Highest Loss Streak 8 | . 2 1 . . 2 3 . 6 1 . 2 8 To Critical Strikes 1 | . . . . . . 1 . . . . . . Average Backups 11 | 4 6 11 15 14 14 14 14 9 5 5 4 5 Power 1 | 1 1 1 1 1 1 . . . 1 1 1 2 Propulsion 3 | 1 2 4 5 4 4 2 1 . . . . . Utility 3 | . . 3 5 4 4 6 5 3 2 2 1 1 Weapon 2 | 1 1 1 3 3 3 4 6 3 1 1 1 1 Tool/Special . | . . . . . . . . . . . . . Unused Backups 19 | . . 10 . . 1 4 1 1 . . . 2 Power 4 | . . 3 . . . . . . . . . 1 Propulsion 2 | . . 1 . . . 1 . . . . . . Utility 5 | . . 3 . . 1 . . . . . . 1 Weapon 8 | . . 3 . . . 3 1 1 . . . . Tool/Special . | . . . . . . . . . . . . . Average Slot Usage (%) 92 | . 99 97 100 90 99 98 99 77 33 67 84 68 Engine 9 | . 13 11 11 9 9 9 4 5 . 4 6 5 Treads 15 | . 28 21 22 18 23 2 . . . . . . Leg 5 | . . . . . 3 23 30 13 . . . . Hover 1 | . . . . . . . . . . 9 20 12 Device 13 | . 13 9 11 16 17 18 15 11 11 13 10 7 Storage 8 | . 14 11 11 9 9 9 7 6 . . . . Processor 4 | . . 1 . . . . 6 8 21 28 30 27 Protection 6 | . . 9 11 9 8 8 7 1 . . . . Energy Gun 21 | . 12 25 33 27 26 20 15 14 . 10 13 7 Ballistic Gun 4 | . 15 6 . . . 6 6 4 . . 1 4 Peak Build Rating 52 | 7 9 28 28 29 30 37 47 47 35 47 52 46 Average Rating 25 | 6 7 19 28 28 28 33 44 35 23 41 47 39 On Entrance 26 | . 7 9 28 28 29 30 35 47 7 32 43 46 Naked Turns . | . . . . . . . . . . . . . Heaviest Build 49 | 13 14 41 41 42 42 44 45 49 3 9 18 18 Greatest Support 62 | 40 40 44 44 44 62 62 58 58 3 16 40 32 Greatest Overweight (x) 13 | . . 1 . . 1 1 . 13 . 2 . . Average Overweight (x) . | . . . . . . . . 1 . . . . Largest Inventory Capacity 15 | 8 8 15 15 15 15 15 15 15 5 5 5 5 Average Capacity 12 | 7 8 12 15 15 15 15 15 14 5 5 5 5 Most Carried 15 | 8 8 15 15 15 15 15 15 14 5 5 5 5 Average Carried 11 | 4 6 11 15 14 14 14 14 8 4 4 4 5 Final Capacity 15 | 8 8 15 15 15 15 15 15 5 5 5 5 5 Final Carried 15 | 5 8 15 15 14 15 15 15 5 5 5 5 5 Class Distribution -------------------- 38% | Tank 22% | Scavenger-Tank 18% | Mutant 7% | Scavenger-Gunner 6% | Scout 6% | Gunner Dominant Class ---------------- Mutant | -10/Materials Tank | -9/Materials Tank | -9/Mines Tank | -8/Materials Scavenger-Tank | -8/Garrison Scavenger-Tank | -8/Materials Scavenger-Gunner | -7/Factory Gunner | -7/DSF Mutant | -6/Factory Scout | -6/Waste Scout | -6/Factory Mutant | -6/Garrison Resources | -11 -10 -9 -9 -8 -8 -8 -7 -7 -6 -6 -6 -6 ----------- Run | Yrd Mat Mat Min Mat Gar Mat Fac DSF Fac Was Fac Gar Matter Collected 2135 | 314 117 457 . 20 194 629 40 200 . . 59 105 Remotely . | . . . . . . . . . . . . . Salvage Created 5278 | 160 280 1512 82 112 873 1567 . 425 . 159 . 108 Parts 306 | 18 17 99 6 2 54 86 . 20 . . . 4 Haulers Intercepted 6 | . 1 3 . . . 2 . . . . . . Recyclers Shooed 3 | . . 1 . . . 2 . . . . . . Parts Field Recycled . | . . . . . . . . . . . . . Retrieved Matter . | . . . . . . . . . . . . . Parts Self-Destructed . | . . . . . . . . . . . . . Prevented . | . . . . . . . . . . . . . Kills | -11 -10 -9 -9 -8 -8 -8 -7 -7 -6 -6 -6 -6 ------- Run | Yrd Mat Mat Min Mat Gar Mat Fac DSF Fac Was Fac Gar Combat Hostiles Destroyed 94 | . 5 30 2 2 22 22 . 8 . 1 . 2 Guns 91 | . 5 30 2 2 22 21 . 7 . . . 2 Cannons 1 | . . . . . . 1 . . . . . . AOE 1 | . . . . . . . . 1 . . . . Classes Destroyed 16 | 2 3 4 . . 2 2 . 2 . 1 . . Worker 4 | . . 2 . . . 2 . . . . . . Builder 3 | . . 2 . . . 1 . . . . . . Tunneler 4 | 4 . . . . . . . . . . . . Hauler 6 | . 1 3 . . . 2 . . . . . . Recycler 8 | 1 . 1 . . . 6 . . . . . . Mechanic 1 | . . . . . . 1 . . . . . . Watcher 6 | . 1 4 . . . 1 . . . . . . Swarmer 22 | . . 10 . . 6 6 . . . . . . Grunt 41 | . 5 12 2 2 11 7 . 2 . . . . Duelist 2 | . . . . . 1 1 . . . . . . Protector 1 | . . . . . . 1 . . . . . . Sentry 16 | . . 8 . . 2 6 . . . . . . Specialist 5 | . . . . . . . . 4 . . . 1 Hunter 4 | . . . . . 2 1 . 1 . . . . Programmer 2 | . . . . . . . . 1 . . . 1 Compactor 1 | . . . . . . . . . . 1 . . Best Kill Streak 9 | 2 3 8 2 2 4 9 . 4 . 1 . 1 Combat Bots Only 6 | . 3 6 2 2 4 3 . 4 . 1 . 1 Max Kills in Single Turn 2 | 1 1 2 1 1 2 2 . 1 . 1 . 1 Gunslinging 1 | . . 1 . . 1 . . . . . . . Exploded 1 | . . . . . . . . 1 . . . . Melee . | . . . . . . . . . . . . . Uniques/NPCs Destroyed . | . . . . . . . . . . . . . Combat | -11 -10 -9 -9 -8 -8 -8 -7 -7 -6 -6 -6 -6 -------- Run | Yrd Mat Mat Min Mat Gar Mat Fac DSF Fac Was Fac Gar Hostile Shots Fired 636 | . 37 143 6 18 89 92 . 119 16 . 33 83 Missed 222 | . 12 44 2 7 24 25 . 52 9 . 13 34 Hits 414 | . 25 99 4 11 65 67 . 67 7 . 20 49 Melee 6 | . . . . . 1 4 . . 1 . . . Projectile 408 | . 25 99 4 11 64 63 . 67 6 . 20 49 Critical Strikes 13 | . . 1 . . 1 4 . 4 . . . 3 Damage Taken 6987 | . 344 1119 47 171 1021 1025 . 1557 150 60 258 1235 Core 1440 | . 72 179 . . 47 120 . 164 110 28 40 680 Absorbed by Shields . | . . . . . . . . . . . . . Regen/Repaired (Parts) 26 | . . . . . . . . . . . . 26 Core Remaining (%) 74 | 100 71 . 55 . . 69 . 76 . . . . Volleys Fired 342 | 22 31 87 4 6 52 75 . 31 . 14 6 14 Largest 3 | 2 2 3 3 3 3 3 . 3 . 2 2 3 Hottest 189 | 40 115 189 182 182 189 189 . 104 . 80 80 103 Shots Fired 912 | 44 62 252 12 18 153 214 . 90 . 28 12 27 Gun 896 | 44 62 252 12 18 153 206 . 82 . 28 12 27 Cannon 13 | . . . . . . 8 . 5 . . . . Launcher 3 | . . . . . . . . 3 . . . . Special . | . . . . . . . . . . . . . Kinetic 245 | 44 47 60 . . 1 67 . 20 . . . 6 Thermal 653 | . 15 192 12 18 152 136 . 67 . 28 12 21 Explosive . | . . . . . . . . . . . . . Electromagnetic 14 | . . . . . . 11 . 3 . . . . Robot Hit Streak 13 | 5 11 12 4 8 11 13 . 9 . 9 6 13 Robot Miss Streak 5 | 3 2 4 3 1 3 5 . 2 . 1 3 1 Penetration Max 1 | . . . . . . 1 . . . . . . Secondary Targets 14 | . 1 4 . 1 5 2 . 1 . . . . Max Gunslinging Chain 1 | . 1 1 . 1 1 1 . 1 . . . . Shots Hit Robots 575 | 24 45 161 6 13 86 121 . 67 . 22 7 23 Core Hits 219 | 11 19 57 3 5 41 55 . 19 . 2 1 6 Critical Kills 1 | . . 1 . . . . . . . . . . Critical Parts Destroyed . | . . . . . . . . . . . . . Critical Strikes 20 | . 2 9 . . 4 2 . 3 . . . . Burn 17 | . 2 8 . . 4 1 . 2 . . . . Destroy 1 | . . 1 . . . . . . . . . . Blast 2 | . . . . . . 1 . 1 . . . . Melee Attacks 5 | . . . . . 2 . . . 1 2 . . Impact . | . . . . . . . . . . . . . Slashing 5 | . . . . . 2 . . . 1 2 . . Piercing . | . . . . . . . . . . . . . Sneak Attacks . | . . . . . . . . . . . . . Combat Hostiles . | . . . . . . . . . . . . . Follow-up Attacks . | . . . . . . . . . . . . . Damage Inflicted 9664 | 226 434 2392 109 220 1512 2419 . 1639 . 286 91 336 Guns 9070 | 226 434 2387 103 220 1512 2224 . 1251 . 286 91 336 Cannons 308 | . . . . . . 195 . 113 . . . . Explosions 275 | . . . . . . . . 275 . . . . Melee . | . . . . . . . . . . . . . Ramming 11 | . . 5 6 . . . . . . . . . Kinetic 2299 | 226 308 352 . . . 970 . 367 . . . 76 Thermal 6991 | . 126 2035 103 220 1512 1316 . 1042 . 286 91 260 Explosive . | . . . . . . . . . . . . . Electromagnetic 363 | . . . . . . 133 . 230 . . . . Impact . | . . . . . . . . . . . . . Slashing . | . . . . . . . . . . . . . Piercing . | . . . . . . . . . . . . . Highest Corruption 14 | . . . . . . . . . . 13 13 14 Average Corruption 11 | . . . . . . . . . . 8 13 13 Corruption Purged . | . . . . . . . . . . . . . Corruption Blocked 8 | . . . . . . . . . . 8 . . Effects 21 | . . . . . . . . . . 7 5 9 Message Errors 4 | . . . . . . . . . . 1 1 2 Matter Fused 4 | . . . . . . . . . . . 1 3 Heat Flow Errors 2 | . . . . . . . . . . 1 1 . Energy Discharges 3 | . . . . . . . . . . 1 1 1 Data Loss (minor) 4 | . . . . . . . . . . 4 . . Data Loss (major) 2 | . . . . . . . . . . . 1 1 Misdirections 1 | . . . . . . . . . . . . 1 Weapon Failures 1 | . . . . . . . . . . . . 1 Overload Shots . | . . . . . . . . . . . . . Overflow Damage . | . . . . . . . . . . . . . Projectiles . | . . . . . . . . . . . . . Explosions . | . . . . . . . . . . . . . Melee . | . . . . . . . . . . . . . Knockbacks 2 | . . . . . . 1 . 1 . . . . Impact . | . . . . . . . . . . . . . Kinetic 2 | . . . . . . 1 . 1 . . . . Secondary . | . . . . . . . . . . . . . Self-Inflicted Damage . | . . . . . . . . . . . . . Shots . | . . . . . . . . . . . . . Rammed 3 | . . 2 1 . . . . . . . . . Targets Rammed 3 | . . 2 1 . . . . . . . . . Kicked . | . . . . . . . . . . . . . Crushed . | . . . . . . . . . . . . . Highest Temperature 360 | . 29 360 225 75 242 108 . . . 142 224 12 Average Temperature 86 | . 11 114 100 30 62 32 . . . 83 113 8 Received Heat Transfer 1776 | . 192 366 18 99 378 360 . 108 54 . 33 168 Effects 7 | . . 7 . . . . . . . . . . Energy Bleed 2 | . . 2 . . . . . . . . . . Interference 5 | . . 5 . . . . . . . . . . Siege Activations . | . . . . . . . . . . . . . Martial Activations . | . . . . . . . . . . . . . Shielding Activations . | . . . . . . . . . . . . . Robots Disrupted . | . . . . . . . . . . . . . Combat Hostiles . | . . . . . . . . . . . . . Robots Corrupted . | . . . . . . . . . . . . . Combat Hostiles . | . . . . . . . . . . . . . Parts Fried . | . . . . . . . . . . . . . Impact Corruptions . | . . . . . . . . . . . . . Robots Melted 1 | . . . . . . . . . . 1 . . Combat Hostiles 1 | . . . . . . . . . . 1 . . Parts Melted 32 | . 1 12 . 2 8 4 . 4 . 1 . . Heat Transferred 17074 | . 518 5513 222 481 3589 2840 . 2135 . 814 259 703 Parts Sabotaged . | . . . . . . . . . . . . . Parts Stolen . | . . . . . . . . . . . . . Parts Stripped . | . . . . . . . . . . . . . Power Chain Reactions 1 | . . . . . . . . 1 . . . . Alert | -11 -10 -9 -9 -8 -8 -8 -7 -7 -6 -6 -6 -6 ------- Run | Yrd Mat Mat Min Mat Gar Mat Fac DSF Fac Was Fac Gar Maximum Alert Level 3 | . . 2 . . 3 2 1 1 . . 2 2 Low Security (%) 46 | 100 100 24 100 100 25 . 6 69 100 100 26 . Level 1 30 | . . 55 . . 28 36 93 30 . . 41 84 Level 2 20 | . . 20 . . 33 63 . . . . 31 15 Level 3 2 | . . . . . 12 . . . . . . . Level 4 . | . . . . . . . . . . . . . Level 5 . | . . . . . . . . . . . . . High Security . | . . . . . . . . . . . . . Max Security . | . . . . . . . . . . . . . Sterilizations 1 | . . . . . . . . 1 . . . . Peak Influence 798 | 5 50 429 156 51 798 622 274 276 134 23 426 401 Initial 388 | . 3 . 156 . 26 388 274 139 134 22 . 263 Average 243 | 1 11 287 40 16 404 443 235 172 102 5 300 355 Influence Increases 3890 | 25 149 947 65 51 832 690 5 277 61 57 516 215 Destroy 0b10 Robot/C 2200 | . 100 600 40 40 560 420 . 160 . . 160 120 Destroy 0b10 Robot/NC 200 | 25 10 60 . . . 70 . . . . 35 . Destroy Leader 436 | . 34 184 10 10 10 116 . 40 . . 32 . Allied During Kill 346 | . . . . . 28 2 . . . . 227 89 Successful Hack 48 | . 5 24 . . 14 . 5 . . . . . Disable Machine 60 | . . . 15 . 15 . . . . . 30 . Anti-Garrison Action 150 | . . . . . 150 . . . . . . . Destroy Structure 120 | . . 4 . 1 10 7 . 2 1 57 32 6 Lose Combat Pursuer 330 | . . 75 . . 45 75 . 75 60 . . . Influence Decreases 3672 | 20 154 545 467 10 75 884 410 220 252 122 140 373 Entered New Map 1341 | . 2 . 246 . 15 410 330 60 122 43 . 113 Time Decay 1609 | 20 132 515 221 10 . 374 80 . 120 67 70 . Lost Part 480 | . 20 30 . . 60 60 . 160 10 . 30 110 Lost Ally 242 | . . . . . . 40 . . . 12 40 150 Squads Dispatched 15 | . 1 6 . 1 . 2 . 3 1 . 1 . Investigation 4 | . . 4 . . . . . . . . . . Extermination . | . . . . . . . . . . . . . Reinforcement 9 | . 1 2 . 1 . . . 3 1 . 1 . Assault 2 | . . . . . . 2 . . . . . . Garrison . | . . . . . . . . . . . . . Intercept . | . . . . . . . . . . . . . Searches Triggered . | . . . . . . . . . . . . . Construction Impeded . | . . . . . . . . . . . . . Haulers Reinforced . | . . . . . . . . . . . . . Active Scanning Responses . | . . . . . . . . . . . . . Cargo Convoy Interrupts . | . . . . . . . . . . . . . Stealth | -11 -10 -9 -9 -8 -8 -8 -7 -7 -6 -6 -6 -6 --------- Run | Yrd Mat Mat Min Mat Gar Mat Fac DSF Fac Was Fac Gar Distress Signals 8 | . 1 . . . . 5 . . . . 2 . Communications Jammed . | . . . . . . . . . . . . . Distress Signals . | . . . . . . . . . . . . . Times Spotted 178 | . 9 45 3 4 30 36 . 16 5 6 12 12 Peak Tracking Total 8 | . 5 8 2 3 4 5 . 4 4 3 4 6 Tactical Retreats 13 | . . 3 . . 2 3 . 3 2 . . . Traps | -11 -10 -9 -9 -8 -8 -8 -7 -7 -6 -6 -6 -6 ------- Run | Yrd Mat Mat Min Mat Gar Mat Fac DSF Fac Was Fac Gar Traps Triggered 6 | . . 4 . . . . . . 1 . 1 . Indirectly . | . . . . . . . . . . . . . Trap Hack Attempts . | . . . . . . . . . . . . . Triggered . | . . . . . . . . . . . . . Disarmed . | . . . . . . . . . . . . . Reprogrammed . | . . . . . . . . . . . . . Reused . | . . . . . . . . . . . . . Traps Extracted . | . . . . . . . . . . . . . Installed . | . . . . . . . . . . . . . Triggered . | . . . . . . . . . . . . . Machines | -11 -10 -9 -9 -8 -8 -8 -7 -7 -6 -6 -6 -6 ---------- Run | Yrd Mat Mat Min Mat Gar Mat Fac DSF Fac Was Fac Gar Machines Disabled 6 | . . . 2 . 2 . . . . . 2 . Max in Single Turn 1 | . . . 1 . 1 . . . . . . . Phase Generator 1 | . . . . . 1 . . . . . . . Machines Repaired . | . . . . . . . . . . . . . Machines Dismantled 1 | . . . . . 1 . . . . . . . Machines Sabotaged . | . . . . . . . . . . . . . Overloaded Fab Kills . | . . . . . . . . . . . . . Hacking | -11 -10 -9 -9 -8 -8 -8 -7 -7 -6 -6 -6 -6 --------- Run | Yrd Mat Mat Min Mat Gar Mat Fac DSF Fac Was Fac Gar Machines Accessed 18 | . 3 8 . 1 1 1 2 . 1 . 1 . Terminals 15 | . 3 8 . . 1 1 2 . . . . . Fabricators . | . . . . . . . . . . . . . Repair Stations . | . . . . . . . . . . . . . Recycling Units 1 | . . . . . . . . . 1 . . . Scanalyzers . | . . . . . . . . . . . . . Garrison Access 2 | . . . . 1 . . . . . . 1 . Total Hacks 36 | . 5 20 . 3 1 1 3 . 1 . 2 . Successful 17 | . 3 7 . 1 1 . 3 . 1 . 1 . Failed 19 | . 2 13 . 2 . 1 . . . . 1 . Catastrophic 2 | . . 2 . . . . . . . . . . Database Lockouts . | . . . . . . . . . . . . . Manual . | . . . . . . . . . . . . . Terminals 30 | . 5 20 . . 1 1 3 . . . . . Fabricators . | . . . . . . . . . . . . . Repair Stations . | . . . . . . . . . . . . . Recycling Units 1 | . . . . . . . . . 1 . . . Scanalyzers . | . . . . . . . . . . . . . Garrison Access 5 | . . . . 3 . . . . . . 2 . Terminal Hacks 14 | . 3 7 . . 1 . 3 . . . . . Record 1 | . . . . . . . 1 . . . . . Prototype ID Bank 4 | . 1 3 . . . . . . . . . . Open DSF 1 | . . . . . . . 1 . . . . . Emergency Access Points 1 | . . 1 . . . . . . . . . . Locate Traps 2 | . 1 1 . . . . . . . . . . Dispatch Records 1 | . . 1 . . . . . . . . . . Zone Layout 3 | . 1 1 . . . . 1 . . . . . Garrison Registry 1 | . . . . . 1 . . . . . . . Fabricator Hacks . | . . . . . . . . . . . . . Repair Station Hacks . | . . . . . . . . . . . . . Recycling Unit Hacks 1 | . . . . . . . . . 1 . . . Report Inventory 1 | . . . . . . . . . 1 . . . Scanalyzer . | . . . . . . . . . . . . . Garrison Access Hacks 2 | . . . . 1 . . . . . . 1 . Unlock Access 2 | . . . . 1 . . . . . . 1 . Unauthorized Hacks . | . . . . . . . . . . . . . Terminals . | . . . . . . . . . . . . . Fabricators . | . . . . . . . . . . . . . Repair Stations . | . . . . . . . . . . . . . Recycling Units . | . . . . . . . . . . . . . Scanalyzers . | . . . . . . . . . . . . . Garrison Access . | . . . . . . . . . . . . . Data Cores Recovered . | . . . . . . . . . . . . . Used . | . . . . . . . . . . . . . Hacking Detections 6 | . . 4 . 1 1 . . . . . . . Full Trace Events 3 | . . 3 . . . . . . . . . . Feedback Events . | . . . . . . . . . . . . . Feedback Blocked . | . . . . . . . . . . . . . Robot Schematics Acquired . | . . . . . . . . . . . . . Robots Built . | . . . . . . . . . . . . . Authchips . | . . . . . . . . . . . . . Time . | . . . . . . . . . . . . . Total Robot Build Rating . | . . . . . . . . . . . . . Part Schematics Acquired . | . . . . . . . . . . . . . Parts Built . | . . . . . . . . . . . . . Authchips . | . . . . . . . . . . . . . Time . | . . . . . . . . . . . . . Total Part Build Rating . | . . . . . . . . . . . . . Parts Repaired . | . . . . . . . . . . . . . Time . | . . . . . . . . . . . . . Parts Recycled . | . . . . . . . . . . . . . Recycled Matter . | . . . . . . . . . . . . . Retrieved Matter . | . . . . . . . . . . . . . Retrieved Components . | . . . . . . . . . . . . . Parts Scanalyzed . | . . . . . . . . . . . . . Part Schematics Acquired . | . . . . . . . . . . . . . Parts Damaged . | . . . . . . . . . . . . . Bothacking | -11 -10 -9 -9 -8 -8 -8 -7 -7 -6 -6 -6 -6 ------------ Run | Yrd Mat Mat Min Mat Gar Mat Fac DSF Fac Was Fac Gar Used RIF Installer . | . . . . . . . . . . . . . Robots Hacked . | . . . . . . . . . . . . . Non-combat . | . . . . . . . . . . . . . Combat . | . . . . . . . . . . . . . Robot Hacks Applied . | . . . . . . . . . . . . . Relay Couplers Released 4 | . . . . . . . . . . . . 4 Programmers 4 | . . . . . . . . . . . . 4 Fabnet Peak Effective % . | . . . . . . . . . . . . . Robots Rewired 5 | . . . . . 2 . . . . . . 3 Allies Hacked . | . . . . . . . . . . . . . Hacks Repelled . | . . . . . . . . . . . . . Allies | -11 -10 -9 -9 -8 -8 -8 -7 -7 -6 -6 -6 -6 -------- Run | Yrd Mat Mat Min Mat Gar Mat Fac DSF Fac Was Fac Gar Total Allies 24 | . . . . . 2 . . . . 19 . 3 Largest Group 19 | . . . . . 2 2 . . . 19 13 11 Highest-Rated Group 684 | . . . . . 33 31 . . . 684 506 366 Highest-Rated Ally 50 | . . . . . 18 16 . . . 50 50 50 Initial Warlord ECA Mod 65 | . . . . . . 5 4 4 13 13 13 13 Total Orders . | . . . . . . . . . . . . . Ally Attacks 207 | . . . . . 13 5 . . . 114 43 32 Total Damage 6941 | . . . . . 234 113 . . . 4428 1399 767 Kills 33 | . . . . . 6 . . . . 8 15 4 Allies Corrupted 1 | . . . . . . . . . . . . 1 Allies Melted . | . . . . . . . . . . . . . Intel | -11 -10 -9 -9 -8 -8 -8 -7 -7 -6 -6 -6 -6 ------- Run | Yrd Mat Mat Min Mat Gar Mat Fac DSF Fac Was Fac Gar Active Infowar (turns) 1207 | 156 169 . . . . . . . 188 296 160 238 Optics 772 | . . . . . . . . . 78 296 160 238 Sensors 599 | . . . . . . . . . 188 296 115 . Seismic 660 | 156 169 . . . . . . . . . 117 218 Robot Analysis Total . | . . . . . . . . . . . . . Derelict Logs Recovered 2 | . . . 2 . . . . . . . . . Drone Launches . | . . . . . . . . . . . . . Drone Recoveries . | . . . . . . . . . . . . . Exploration | -11 -10 -9 -9 -8 -8 -8 -7 -7 -6 -6 -6 -6 ------------- Run | Yrd Mat Mat Min Mat Gar Mat Fac DSF Fac Was Fac Gar Turns Passed 7152 | 255 661 1786 760 73 1370 871 171 261 250 296 160 238 Spaces Moved 4016 | 122 322 825 499 32 710 368 131 87 374 236 146 164 Core 513 | 13 . . . . . . . 19 374 107 . . Treads 2508 | 109 322 817 499 32 710 19 . . . . . . Legs 514 | . . 8 . . . 349 131 26 . . . . Wheels 42 | . . . . . . . . 42 . . . . Hover 439 | . . . . . . . . . . 129 146 164 Flight . | . . . . . . . . . . . . . Fastest Speed 50 | 50 160 145 145 145 145 120 120 50 50 50 69 73 Average Speed 131 | 148 160 160 145 145 152 157 120 127 50 66 71 76 Slowest Speed 700 | 160 160 240 145 145 240 190 120 700 50 150 76 77 Overloaded Moves . | . . . . . . . . . . . . . Propulsion Burnouts . | . . . . . . . . . . . . . Robots Hopped . | . . . . . . . . . . . . . Potential Cave-ins . | . . . . . . . . . . . . . Cave-ins Triggered . | . . . . . . . . . . . . . Exploration Rate (%) 42 | 7 49 89 88 5 70 40 6 54 18 94 8 25 Regions Visited 12 Branch Regions 1 Pre-discovered Areas 1 | . . . 1 . . . . . . . . . Known Exits Taken 3 | . . . . 1 . . 1 . . . 1 . Unknown Exits Taken 5 | 1 1 1 1 . . 1 . . . . . . Scrap Searched 1 | . . . 1 . . . . . . . . . Spaces Dug 2 | . . . . . . . . . 1 1 . . Terrain Destroyed 6 | . . . . . . 2 . 2 1 1 . . Melee 2 | . . . . . . . . . 1 1 . . Projectile 2 | . . . . . . 2 . . . . . . AOE 2 | . . . . . . . . 2 . . . . Terrain Rammed . | . . . . . . . . . . . . . Walls Destroyed . | . . . . . . . . . . . . . Machines Disabled . | . . . . . . . . . . . . . Actions | -11 -10 -9 -9 -8 -8 -8 -7 -7 -6 -6 -6 -6 --------- Run | Yrd Mat Mat Min Mat Gar Mat Fac DSF Fac Was Fac Gar Total 5149 | 160 415 1114 526 45 861 500 147 169 433 343 187 249 Wait 457 | . 48 93 23 4 32 11 . 30 48 88 27 53 Move 4007 | 121 321 824 498 32 709 367 130 86 374 235 146 164 Hop . | . . . . . . . . . . . . . Pick Up 86 | 10 5 35 . . 9 17 5 3 . . 2 . Fast Attach 27 | 2 1 10 . . 3 1 . . 6 . 3 1 Attach 51 | 5 2 11 . 2 6 7 3 9 2 2 2 . Detach 5 | . . . . 1 . . . . 2 2 . . Swap 48 | . 4 17 . . 10 9 4 3 . . 1 . Drop 68 | . 3 35 . . 5 13 5 7 . . . . Fire 342 | 22 31 87 4 6 52 75 . 31 . 14 6 14 Melee 5 | . . . . . 2 . . . 1 2 . . Ram . | . . . . . . . . . . . . . Kick . | . . . . . . . . . . . . . Crush 3 | . . 2 1 . . . . . . . . . Escape Stasis . | . . . . . . . . . . . . . Rewire 41 | . . . . . 24 . . . . . . 17 Trap . | . . . . . . . . . . . . . Miscellaneous 9 | . . . . . 9 . . . . . . . Route ------- -11/Scrapyard -10/Materials (discovered 2 exits: *Mat / [*Min]) -9/Materials (discovered 4 exits: *Mat x2 / [*Min x2]) -9/Mines -8/Materials -8/Garrison (discovered 4 exits: *Mat x4) -8/Materials -7/Factory (discovered 2 exits: Low / DSF) -7/DSF -6/Factory -6/Waste -6/Factory -6/Garrison (discovered 1 exit: *Fac) History --------- Turn | Location | Event 13 | -11/Scrapyard | Discovered new exit (range 16) 256 | -11/Scrapyard | Entered Materials 314 | -10/Materials | Build established: Mutant 619 | -10/Materials | Discovered new exit (range 6) 789 | -10/Materials | Discovered new exit (range 13) 917 | -10/Materials | Entered another Materials area 917 | -9/Materials | Evolved 2 slots: Utility x1, Weapon x1 1105 | -9/Materials | Discovered new exit (range 12) 1304 | -9/Materials | Build established: Tank 1449 | -9/Materials | Discovered new exit (range 15) 1806 | -9/Materials | Discovered new exit (range 16) 2285 | -9/Materials | Discovered new exit (range 16) 2703 | -9/Materials | Entered Mines 2715 | -9/Mines | Joined a pair of Derelicts in attacking an 0b10 outpost 2735 | -9/Mines | Met a Derelict bent on vengeance 2964 | -9/Mines | Learned Materials garrison access intel 2991 | -9/Mines | Learned location of Storage (-8) 3316 | -9/Mines | Received a Rocket Launcher from a helpful Derelict 3424 | -9/Mines | Discovered new exit (range 8) 3463 | -9/Mines | Entered Materials 3463 | -8/Materials | Evolved 2 slots: Propulsion x1, Utility x1 3464 | -8/Materials | Loaded intel: 1 garrison access location 3536 | -8/Materials | Identified exit to Garrison 3536 | -8/Materials | Entered Garrison 3719 | -8/Garrison | Spotted B-75 Beast 3719 | -8/Garrison | Spotted B-75 Beast 3822 | -8/Garrison | Triggered checkpoint 4022 | -8/Garrison | Discovered new exit (range 8) 4202 | -8/Garrison | Triggered checkpoint 4264 | -8/Garrison | Triggered checkpoint 4298 | -8/Garrison | Discovered new exit (range 5) 4368 | -8/Garrison | Triggered checkpoint 4444 | -8/Garrison | Triggered checkpoint 4517 | -8/Garrison | Discovered new exit (range 9) 4525 | -8/Garrison | Discovered new exit (range 76) 4525 | -8/Garrison | Discovered new exit (range 57) 4525 | -8/Garrison | Discovered new exit (range 8) 4525 | -8/Garrison | Discovered new exit (range 62) 4574 | -8/Garrison | Build established: Scavenger-Tank 4578 | -8/Garrison | Phase Generator disabled 4652 | -8/Garrison | Triggered checkpoint 4906 | -8/Garrison | Entered Materials 4906 | -8/Materials | Accompanied by 2 allies 5306 | -8/Materials | First assault squad dispatched 5436 | -8/Materials | Lost 3 parts (1n1u1w) 5745 | -8/Materials | Discovered new exit (range 12) 5777 | -8/Materials | Entered Factory 5777 | -7/Factory | Evolved 2 slots: Propulsion x1, Utility x1 5778 | -7/Factory | Identified exit to Lower Caves 5948 | -7/Factory | Identified exit to DSF 5948 | -7/Factory | Entered DSF 5971 | -7/DSF | Additional patrols routed to DSF 6043 | -7/DSF | Lost 5 parts (2n3u) 6129 | -7/DSF | Lost 5 parts (1n2u2w) 6188 | -7/DSF | Sterilization system engaged 6201 | -7/DSF | Discovered new exit (range 15) 6208 | -7/DSF | Ambient heat levels rising (+10) 6209 | -7/DSF | Entered Factory 6209 | -6/Factory | Evolved 2 slots: Utility x2 6222 | -6/Factory | Lost 6 parts (1p2n1u2w) 6393 | -6/Factory | Discovered new exit (range 20) 6459 | -6/Factory | Sucked down chute 6459 | -6/Factory | Entered Waste 6466 | -6/Waste | Spotted C-40 Crusher 6474 | -6/Waste | EMP discharged 6486 | -6/Waste | Spotted C-40 Crusher 6507 | -6/Waste | Met Warlord forces unprepared to attack 6574 | -6/Waste | EMP discharged 6583 | -6/Waste | Spotted C-40 Crusher 6610 | -6/Waste | Destroyed C-40 Crusher 6625 | -6/Waste | Spotted C-40 Crusher 6634 | -6/Waste | Spotted C-40 Crusher 6636 | -6/Waste | Lost 3 allies 6636 | -6/Waste | Allies destroyed C-40 Crusher 6643 | -6/Waste | Allies destroyed C-40 Crusher 6645 | -6/Waste | Allies destroyed C-40 Crusher 6651 | -6/Waste | Spotted C-40 Crusher 6656 | -6/Waste | Allies destroyed C-40 Crusher 6674 | -6/Waste | EMP discharged 6674 | -6/Waste | System corruption reached 10% 6699 | -6/Waste | Discovered new exit (range 12) 6707 | -6/Waste | Identified exit to Factory 6755 | -6/Waste | Entered Factory 6755 | -6/Factory | Accompanied by 13 allies 6838 | -6/Factory | Build established: Scout 6901 | -6/Factory | Identified exit to Garrison 6915 | -6/Factory | Entered Garrison 6915 | -6/Garrison | Accompanied by 8 allies 6929 | -6/Garrison | Triggered checkpoint 6950 | -6/Garrison | Discovered new exit (range 5) 6953 | -6/Garrison | Identified exit to Factory 7008 | -6/Garrison | Lost 3 allies 7043 | -6/Garrison | Triggered checkpoint 7095 | -6/Garrison | Spotted B-75 Beast 7098 | -6/Garrison | Triggered checkpoint 7130 | -6/Garrison | Core integrity fell below 50% 7148 | -6/Garrison | Core integrity fell below 20% 7153 | -6/Garrison | Destroyed by G-50 Soldier with Heavy Laser Last Messages --------------- Garrison Door activated. 07128_ Cmb. Airjet blasted off. 07131_ System corrupted: Matter fused (-9). 07131_ Backup Laser III blasted off. 07131_ Backup Laser III disintegrated. 07132_ EQ-36G(g) destroyed. 07133_ Penetrated by Slug. 07133_ Seismic Detector destroyed. 07135_ Imp. Deuterium Engine destroyed. 07135_ Cmb. Airjet destroyed. 07135_ Backup Laser III destroyed. 07135_ Knocked back. 07136_ Penetrated by Slug. 07136_ Slug penetrates Wall. 07138_ Adv. Heat Sink destroyed. 07141_ Slug penetrates Wall. 07141_ Critical hit (Burn: +37). 07147_ Knocked back. 07147_ HE-16O(m) destroyed. 07150_ Knocked back. Map ----- +----------------------------------------------------+ | ?????????????????????????????????????????????????? | | ?????????????????????????????????????????????????? | | ?????????????????????????????????????????????????? | | ?????????????????????????????????????????????????? | | ?????????????????????????????????????????????????? | | ?????????????????????????????????????????????????? | | ?????????????????????????????????????????????????? | | ?????????????????????????????????????????????????? | | ?????????????????????????????????????????????????? | | ?????????????????????????????????????????????????? | | ??????????????????????????????????????????????#??? | | ????????????????????????????????????????????? #??? | | ???????????????????????????????????????????? #??? | | ????????????????????????????????######??""## #??? | | ???????????????????????????????? ? ???? | | ???????????????????????????????? ?? ????? | | ???????????????????????????????? ? ???#?? | | ????????????????????????????????# ## #?? #?? | | ??????????????????????????????### # ## #?? | | ??????????????????????????????? "?? | | ??????????????????????????????? "?? | | ???????????????????????????????? "?? | | ???????????????????????????????? ??? | | ????????????????????????????????# #??????? | | ??????????????????????###########=! ## ### | | ??????????????????????# @ =!%BB%! | | ??????????????????????# %%% !%gBB=! | | ??????????????????????# ###%####Y% #?? | | ??????????????????????# #?# #??## ## ######?? | | ??????????????????????# #?# #???# #???? #??????? | | ??????????????????????# #?# #???# #????????????? | | ??????????????????????# #?# #???# #????????????? | | ??????????????????????# #? ???# #????????????? | | ??????????????????????# #? ##???# #????????????? | | ???????################ ######### #????????????? | | ???????#= %= #????????????? | | ???????#* = #????????????? | | ???????# =#### ####### #############????????????? | | ???????# #??# #?????# #????????????????????????? | | ?????### #??# #?????# #????????????????????????? | | ?????# #??# #?????# #????????????????????????? | | ?????# #??# #?????# #####????????????????????? | | ?????# #??# #?????# #????????????????????? | | ?????# ##?# #?????##### #????????????????????? | | ?????### ### #?????????# #????????????????????? | | ???### ## #?????????# #????????????????????? | | ?### ## #?????????# ###??????????????????? | | ?# %[ #?????????# %#??????????????????? | | ?# <% % # #?????????# !#??????????????????? | | ?# #?????????# = #??????????????????? | +----------------------------------------------------+ Best States ------------- Heat Dissipation 62 Energy Generation 16 Energy Capacity 290 Matter Stores 300 Matter Capacity 300 Sight Range 22 Robot Scan Range 16 Terrain Scan Density 210 Corruption Block 8 Armor Coverage 225 Evasion (%) 60 Targeting Accuracy 14 Core Analysis 6 Recoil Reduction 3 Item Schematics ----------------- None Robot Schematics ------------------ None Fabricated ------------ Nothing Repaired ---------- Nothing Alien Tech Used ----------------- None Achievements -------------- None Challenges ------------ None Game ------ Seed GrenadeRainbowChronowheel Manual? 0 Play Time 01:09:58 Cumulative 74.0 hours Start 2025.06.30 @ 11:33:20 End 2025.06.30 @ 12:58:03 Sessions 1 Manual Loads 0 Difficulty Rogue Special Mode None Game No. 135 Rogue 135 Adventurer 0 Explorer 0 Win Type - Total 1 Types 1/0/0/0/0/0/0/0/0/0 Lore% 56 Gallery% 45 Achievement% 41 Wizard Run 0 Options --------- Layout 0 ASCII 0 Keyboard 0 Movement Mouse Keybinds 0 Fullscreen 1 Font 16/SmallcapsGlow Map View 75x55 Zoom Use 0% Tactical HUD 1 Map Filters NONE Filters NONE Steam 1 RUN: 449f7b5a-7bc7-4021-998b-b67c627ef32a